 Dungeon Crawl Stone Soup version 0.27.1-3-gb3d3a73c9e (webtiles) character file.

Game seed: 11901758192502105936

494 earthworldpsion the Fighter (level 7, -1/67 HPs)
             Began as a Gnoll Wanderer on Oct 18, 2021.
             Was a Follower of Makhleb.
             Slain by Sigmund (4 damage)
             ... on level 4 of the Dungeon.
             The game lasted 00:15:54 (3476 turns).

earthworldpsion the Fighter (Gnoll Wanderer)        Turns: 3476, Time: 00:15:54

Health: -1/67      AC:  7    Str: 13    XL:     7   Next: 15%
Magic:  0/10       EV: 11    Int: 10    God:    Makhleb [*.....]
Gold:   117        SH:  0    Dex: 13    Spells: 10/10 levels left

rFire    . . .     SeeInvis .   a - +2 hand crossbow
rCold    . . .     Faith    .   (no shield)
rNeg     . . .     Spirit   +   e - +0 ring mail
rPois    .         Reflect  .   (no helmet)
rElec    .         Harm     .   (no cloak)
rCorr    .         Rampage  .   (no gloves)
Will     .....                  i - +0 pair of boots
Stlth    +.........             o - amulet of guardian spirit
HPRegen  0.21/turn              (no ring)
MPRegen  0.12/turn              (no ring)

@: attractive
A: fangs 1, strong nose, distributed training
a: Renounce Religion


You were on level 4 of the Dungeon.
You worshipped Makhleb.
Makhleb was aware of your devotion.
You visited 1 branch of the dungeon, and saw 4 of its levels.

You collected 117 gold pieces.

Inventory:

Hand Weapons
 a - a +2 hand crossbow (weapon)
 c - a +0 shortbow
 r - a +0 trident of freezing
Missiles
 b - 20 bolts (quivered ammo)
 d - 37 arrows
Armour
 e - a +0 ring mail (worn)
 i - a +0 pair of boots (worn)
Magical Staves
 A - a staff of poison
Jewellery
 o - an amulet of guardian spirit (around neck)
 x - a +6 ring of strength
Wands
 y - a wand of digging (7)
Scrolls
 j - a scroll of amnesia {unknown}
 k - 2 scrolls of identify {unknown}
 l - a scroll of immolation {unknown}
 m - 2 scrolls of fear
 s - a scroll of vulnerability {unknown}
 t - a scroll of blinking {unknown}
 w - a scroll of teleportation {unknown}
Potions
 f - a potion of resistance {unknown}
 g - a potion of brilliance
 h - a potion of ambrosia {unknown}
 n - a potion of invisibility {unknown}
 q - a potion of lignification {unknown}
 v - a potion of might {unknown}
 z - a potion of heal wounds {unknown}


   Skills:
 + Level 10.6 Fighting
 + Level 2.3 Short Blades
 + Level 2.3 Long Blades
 + Level 2.3 Axes
 + Level 2.3 Maces & Flails
 + Level 2.3 Polearms
 + Level 2.3 Staves
 + Level 2.3 Slings
 + Level 2.3 Bows
 + Level 3.5 Crossbows
 + Level 2.3 Throwing
 + Level 5.1 Armour
 + Level 2.3 Dodging
 + Level 2.3 Stealth
 + Level 2.3 Shields
 + Level 2.3 Unarmed Combat
 + Level 2.3 Spellcasting
 + Level 1.8 Conjurations
 + Level 1.8 Hexes
 + Level 1.8 Summonings
 + Level 1.8 Necromancy
 + Level 1.8 Translocations
 + Level 1.8 Transmutations
 + Level 1.8 Fire Magic
 + Level 1.8 Ice Magic
 + Level 1.8 Air Magic
 + Level 1.8 Earth Magic
 + Level 1.8 Poison Magic
 + Level 2.5 Invocations
 + Level 5.1 Evocations


You had 10 spell levels left.
You didn't know any spells.
Your spell library was empty.

Dungeon Overview and Level Annotations

Branches:
Dungeon (4/15)             Temple (0/1) D:4

Altars:
Makhleb

Annotations:
D:4 Edmund, Sigmund


Innate Abilities, Weirdness & Mutations

You have very sharp teeth.
Your uncanny sense of smell can sniff out nearby items.
Your experience applies equally to all skills.


Message History

A jackal comes into view.
Something hits you but does no damage. The jackal is pulled toward you!
Edmund hits you with a +1 dire flail of holy wrath!
Something is pulled toward you!
The jackal barks!
You hear a bark!
The jackal bites you. The jackal barely misses you.
Something is pulled toward you! Something hits you but does no damage.
The jackal bites you but does no damage.
The jackal bites you. Something hits you but does no damage.
Edmund is pulled toward you! The jackal barely misses you.
The jackal closely misses you.
Fire: 21 bolts
Press: ? - help, Q - select action Shift-Dir - straight line, f/p - Edmund
Aim: Edmund, wielding a +1 dire flail of holy wrath and wearing a +4 chain mail of willpower (lightly wounded, 75% to hit)
You shoot a bolt. The bolt hits the jackal.
The jackal is heavily wounded.
The jackal bites you but does no damage.
Something hits you!
* * * LOW HITPOINT WARNING * * *
The jackal bites you but does no damage.
The jackal barely misses you.
As you read the scroll labelled CIGYFIASIU, it crumbles to dust.
You assume a fearsome visage.
Edmund looks frightened!
The jackal looks frightened!
It was a scroll of fear.
Something is pulled toward you! Edmund is pulled toward you!
Something hits you!
* * * LOW HITPOINT WARNING * * *
Something is pulled toward you! The jackal is pulled toward you!
Something hits you.
* * * LOW HITPOINT WARNING * * *
Something is pulled toward you! The jackal is pulled toward you! x2
Something is pulled toward you!
A magic dart appears from out of thin air!
The magic dart hits you.
* * * LOW HITPOINT WARNING * * *
Something is pulled toward you! Something hits you.
You die...

................#...........#.###
...(..<.......h...#.###.....#....
##.......#####..###.###.....# #..
#.......# ###..............# #.#
##....h..# #.(.h..#.#.##.##.# #.#
.........# #h##.#.#.#.##.##.###>#
##.......# #h##........#.....(..#
##.....>.# #.####.#.#..#.##.#####
.....(#.## #....@.#........<#
##.####(# ##################
.....##[# ........## ##.......#
#.#.###.# ..... ... #.# (### #.
.#


There were no monsters in sight!

Vanquished Creatures
  Purgy (D:3)
  A necrophage (D:4)
  An orc priest (D:4)
  A jelly (D:4)
  An iguana (D:4)
  Terence (D:2)
  3 orc wizards
  4 adders
  A worm (D:2)
  4 dart slugs
  6 orcs
  7 ball pythons
  6 bats
  4 endoplasms
  2 giant cockroaches (D:2)
  8 hobgoblins
  12 jackals
  2 quokkas
  3 frilled lizards
  7 goblins
  5 kobolds
  3 rats
83 creatures vanquished.

Vanquished Creatures (others)
  21 plants
21 creatures vanquished.

Grand Total: 104 creatures vanquished

Notes
Turn   | Place    | Note
-------+----------+-------------------------------------------
     0 | D:1      | Reached skill level 10 in Fighting
     0 | D:1      | earthworldpsion the Gnoll Wanderer began the quest for the
                  | Orb.
     0 | D:1      | earthworldpsion set off with the following items: a +2 hand
                  | crossbow, 28 bolts, a +0 shortbow, 24 arrows, a +0 ring
                  | mail
     0 | D:1      | Reached XP level 1. HP: 28/28 MP: 1/1
   158 | D:1      | Reached XP level 2. HP: 36/36 MP: 2/2
   575 | D:1      | Reached XP level 3. HP: 40/42 MP: 3/3
  1117 | D:2      | Found a faded altar of an unknown god.
  1176 | D:2      | Found a burning altar of Makhleb.
  1201 | D:2      | Became a worshipper of Makhleb the Destroyer
  1220 | D:2      | Noticed Terence
  1232 | D:2      | Killed Terence
  1233 | D:2      | Reached skill level 1 in Short Blades
  1233 | D:2      | Reached skill level 1 in Long Blades
  1233 | D:2      | Reached skill level 1 in Axes
  1233 | D:2      | Reached skill level 1 in Maces & Flails
  1233 | D:2      | Reached skill level 1 in Polearms
  1233 | D:2      | Reached skill level 1 in Staves
  1233 | D:2      | Reached skill level 1 in Slings
  1233 | D:2      | Reached skill level 1 in Bows
  1233 | D:2      | Reached skill level 1 in Throwing
  1233 | D:2      | Reached skill level 1 in Dodging
  1233 | D:2      | Reached skill level 1 in Stealth
  1233 | D:2      | Reached skill level 1 in Shields
  1233 | D:2      | Reached skill level 1 in Unarmed Combat
  1233 | D:2      | Reached skill level 1 in Spellcasting
  1233 | D:2      | Reached skill level 1 in Invocations
  1233 | D:2      | Reached XP level 4. HP: 40/48 MP: 3/5
  1243 | D:2      | You fall into a shaft and drop 1 floor!
  1678 | D:2      | Reached skill level 1 in Conjurations
  1678 | D:2      | Reached skill level 1 in Hexes
  1678 | D:2      | Reached skill level 1 in Summonings
  1678 | D:2      | Reached skill level 1 in Necromancy
  1678 | D:2      | Reached skill level 1 in Translocations
  1678 | D:2      | Reached skill level 1 in Transmutations
  1678 | D:2      | Reached skill level 1 in Fire Magic
  1678 | D:2      | Reached skill level 1 in Ice Magic
  1678 | D:2      | Reached skill level 1 in Air Magic
  1678 | D:2      | Reached skill level 1 in Earth Magic
  1678 | D:2      | Reached skill level 1 in Poison Magic
  2097 | D:3      | Reached * piety under Makhleb
  2129 | D:3      | Reached XP level 5. HP: 54/54 MP: 5/7
  2258 | D:3      | Noticed Purgy
  2273 | D:3      | Killed Purgy
  2442 | D:3      | Reached XP level 6. HP: 61/61 MP: 8/8
  3131 | D:4      | Reached skill level 5 in Armour
  3131 | D:4      | Reached skill level 5 in Evocations
  3183 | D:4      | Found a staircase to the Ecumenical Temple.
  3363 | D:4      | Noticed a necrophage
  3371 | D:4      | Killed a necrophage
  3372 | D:4      | Reached XP level 7. HP: 66/67 MP: 10/10
  3416 | D:4      | Noticed Edmund
  3449 | D:4      | Noticed Sigmund
  3475 | D:4      | HP: 2/67 [something/magic dart (3)]
  3476 | D:4      | Slain by Sigmund

Illustrated notes

Levels and vault maps discovered:
D:1:      scummos_arrival_simple_fountains, layout_basic,
          minmay_misc_feat_columns
D:2:      layout_loops_ring, ebering_ecumenical_altar_abandoned, serial_forest,
          infiniplex_forest_clump_curved, infiniplex_forest_clump_curved,
          infiniplex_forest_end_double, infiniplex_forest_corner_1,
          infiniplex_forest_clump_diagonal, infiniplex_forest_end_2,
          infiniplex_forest_end_2, basic_altar, uniq_terence
D:3:      layout_loops_corners, uniq_purgy
D:4:      layout_loops_cross, nicolae_hepliaklqana_hazy_memory,
          minmay_temple_entry_fiery, uniq_edmund, uniq_sigmund, uniq_robin

Skill      XL: |  1  2  3  4  5  6 |
---------------+-------------------+-----
Fighting       | | 10.6
Short Blades   | 1 2 |  2.3
Long Blades    | 1 2 |  2.3
Axes           | 1 2 |  2.3
Maces & Flails | 1 2 |  2.3
Polearms       | 1 2 |  2.3
Staves         | 1 2 |  2.3
Slings         | 1 2 |  2.3
Bows           | 1 2 |  2.3
Throwing       | 1 2 |  2.3
Dodging        | 1 2 |  2.3
Stealth        | 1 2 |  2.3
Shields        | 1 2 |  2.3
Unarmed Combat | 1 2 |  2.3
Spellcasting   | 1 2 |  2.3
Invocations    | 1 2 |  2.5
Conjurations   | 1 |  1.8
Hexes          | 1 |  1.8
Summonings     | 1 |  1.8
Necromancy     | 1 |  1.8
Translocations | 1 |  1.8
Transmutations | 1 |  1.8
Fire Magic     | 1 |  1.8
Ice Magic      | 1 |  1.8
Air Magic      | 1 |  1.8
Earth Magic    | 1 |  1.8
Poison Magic   | 1 |  1.8
Crossbows      | 3 |  3.5
Armour         | 5 |  5.1
Evocations     | 5 |  5.1

Action                   |  1- 3 |  4- 6 |  7- 9 || total
-------------------------+-------+-------+-------++-------
Melee: Hand crossbow     |     3 |     8 |       ||    11
       Bite              |     1 |     2 |       ||     3
       Trident           |       |       |     6 ||     6
       Staff             |       |       |     1 ||     1
 Fire: Hand crossbow     |    67 |   104 |     8 ||   179
Evoke: Wand              |     2 |     6 |    10 ||    18
  Use: Potion            |       |     1 |     1 ||     2
       Scroll            |       |       |     1 ||     1
Armor: Ring mail         |    13 |    25 |     7 ||    45
Dodge: Dodged            |    16 |    16 |    16 ||    48
